Predators vs Devils

Created - April 17, 2020 at 19:17

Goals
1 2 3 T
Predators 2 1 1 4
Devils 0 1 0 1
Shots
1 2 3 T
Predators 17 13 10 40
Devils 12 8 5 25

1st period

1. Predators , Niclas Bergfors 29 (Ryan Kesler 32) at 4:57
2. Predators , Alexander Steen 17 (Ryan Mcdonagh 23, Alexander Edler 39) at 18:35

Penalties :
Niclas Bergfors (Nas) for Goalie Interference (Minor) at 5:35, Alex Killorn (Nas) for Holding (Minor) at 11:47

2nd period

3. Devils , Johnny Gaudreau 46 (Viktor Arvidsson 23) at 5:07 (PP)
4. Predators , Mikael Granlund 27 (Alexander Ovechkin 56, Ryan Mcdonagh 24) at 5:48

Penalties :
Ryan Kesler (Nas) for Goalie Interference (Minor) at 5:03, Ryan Kesler (Nas) for Interference (Minor) at 16:24

3rd period

5. Predators , Justin Abdelkader 8 (George Parros 1, John Moore 25) at 8:52

Penalties :
Rostislav Olesz (NJD) for Roughing (Minor) at 1:39, Anthony Stewart (NJD) for Roughing (Minor) at 6:35, Marian Hossa (NJD) for Unsportsmanlike conduct (Minor) at 15:43, Tobias Enstrom (NJD) for High sticking (Minor) at 18:02

Goalie Stats

Viktor Fasth (Nas), 24 saves from 25 shots - (0.960), W, 31-18-7, 60:00 minutes
Keith Kinkaid (NJD), 36 saves from 40 shots - (0.900), L, 12-15-0, 60:00 minutes

Players Stats for Predators

Player Name              G  A  P  +/- PIM S  H  SB GA TA FO     MP     PP MP  PK MP  
------------------------------------------------------------------------------------
Alex Killorn             0  0  0   1  2   0  2  0  2  0  0/0    16:37   3:30   0:00 
Alexander Edler          0  1  1   3  0   3  4  3  0  1  0/0    26:49   5:05   2:53 
Alexander Ovechkin       0  1  1   1  0   1  4  0  2  1  3/7    22:32   4:24   3:06 
Alexander Steen          1  0  1   1  0   4  1  0  0  0  0/0    10:04   0:00   0:39 
Andy Miele               0  0  0   1  0   1  1  0  0  0  2/5    11:35   0:00   1:59 
Brendan Gallagher        0  0  0   1  0   2  2  0  1  0  1/2    18:13   0:00   3:11 
Denis Grebeshkov         0  0  0   1  0   2  0  1  0  1  0/0    11:56   0:00   0:00 
George Parros            0  1  1   1  0   0  0  0  0  0  0/0     8:19   0:00   0:00 
John Moore               0  1  1   0  0   2  0  0  0  1  0/0    21:10   2:49   3:08 
Justin Abdelkader        1  0  1   1  0   4  2  0  0  0  0/0     9:27   0:00   1:08 
Justin Faulk             0  0  0   0  0   1  2  2  0  0  0/0    18:11   2:49   0:00 
Maxim Afinogenov         0  0  0   1  0   3  3  0  0  0  2/3    15:59   4:24   1:59 
Mikael Granlund          1  0  1   1  0   3  1  1  1  0  12/26  19:26   4:24   0:00 
Nate Schmidt             0  0  0   1  0   0  0  0  0  0  0/0    15:00   0:00   3:08 
Niclas Bergfors          1  0  1   1  2   8  1  0  2  0  0/1    16:43   3:30   0:00 
Nik Antropov             0  0  0   1  0   0  0  0  0  1  4/4     8:19   0:00   0:00 
Ryan Kesler              0  1  1   1  4   5  1  0  1  0  6/12   16:41   3:30   0:00 
Ryan Mcdonagh            0  2  2   3  0   1  1  1  2  3  0/0    26:54   5:05   2:53 

Players Stats for Devils

Player Name              G  A  P  +/- PIM S  H  SB GA TA FO     MP     PP MP  PK MP  
------------------------------------------------------------------------------------
Anthony Stewart          0  0  0   0  2   0  0  0  0  0  0/0     6:11   0:03   0:00 
Brady Skjei              0  0  0  -1  0   0  0  1  0  1  0/0    17:31   3:20   0:16 
Brenden Morrow           0  0  0   0  0   0  0  0  0  0  0/0     5:23   0:04   3:42 
Brent Seabrook           0  0  0  -2  0   4  1  0  1  0  0/0    24:35   2:37   3:37 
Carl Gunnarsson          0  0  0  -1  0   0  0  0  0  1  0/0    12:40   0:00   0:36 
Johnny Gaudreau          1  0  1  -2  0   4  1  1  2  0  1/2    21:33   3:10   1:54 
Jordan Caron             0  0  0   0  0   1  0  0  0  0  0/0    13:55   2:48   0:00 
Kellan Lain              0  0  0   0  0   2  2  0  1  0  1/1    15:20   2:48   1:25 
Kevin Porter             0  0  0   0  0   3  0  0  0  0  4/7    13:59   0:00   2:41 
Marian Hossa             0  0  0  -2  2   2  0  1  1  0  0/1    12:21   0:00   0:00 
Riley Sheahan            0  0  0  -2  0   1  4  0  0  0  9/19   20:40   2:48   4:49 
Rostislav Olesz          0  0  0  -2  2   1  2  0  1  2  2/3    17:44   0:04   0:00 
Steve Montador           0  0  0  -1  0   2  1  1  0  0  0/0    18:42   2:37   4:17 
Tobias Enstrom           0  0  0  -1  2   0  2  1  1  1  0/0    19:00   0:04   2:45 
Travis Hamonic           0  0  0  -2  0   2  2  3  0  4  0/0    27:31   3:24   4:17 
Tyler Bozak              0  0  0   0  0   0  0  0  0  0  0/3     6:08   0:00   0:00 
Tyler Seguin             0  0  0  -2  0   2  2  1  0  1  13/23  20:49   3:09   1:17 
Viktor Arvidsson         0  1  1  -2  0   1  1  0  1  1  0/1    18:00   3:09   0:00 

3 Stars

1 - Ryan Mcdonagh (Nas)
2 - Alexander Edler (Nas)
3 - Justin Abdelkader (Nas)

Power Play

Predators - 0 on 4 Attempt(s) - 0.00%
Devils - 1 on 4 Attempt(s) - 25.00%

Penalty Kill

Predators - 3 on 4 Attempt(s) - 75.00% - Score 0 goal in Penalty Kill
Devils - 4 on 4 Attempt(s) - 100.00% - Score 0 goal in Penalty Kill

Team Stat

Predators - Hits : 25 - Faceoff Wins : 30 - Blocked Shots : 8 - Penalty Minutes : 8
Devils - Hits : 18 - Faceoff Wins : 30 - Blocked Shots : 9 - Penalty Minutes : 8

Official

Referees : Unknown
Linesman : Unknown

Game Notes

No Game Note

Finance

Level 1 -- Attendance: 4361 (72.68%) -- Ticket Income $479,710
Level 2 -- Attendance: 4163 (83.26%) -- Ticket Income $291,410
Level 3 -- Attendance: 1545 (77.25%) -- Ticket Income $71,070
Level 4 -- Attendance: 3077 (76.93%) -- Ticket Income $92,310
Luxury Box -- Attendance: 1000 (100.00%) -- Ticket Income $180,000
Game was played at the The prudential Center.
Total Attendance: 14146 (78.59%)
Total Ticket Income: $1,114,500
Other Income: $167,175
Total Income: $1,281,675

Predators

5 vs 5 Forward 
   Center                   Left Wing                Right Wing               Time % Phy DF OF 
 1 Mikael Granlund          Alexander Ovechkin       Brendan Gallagher        40     1   2  2  
 2 Ryan Kesler              Alex Killorn             Niclas Bergfors          30     1   2  2  
 3 Andy Miele               Alexander Steen          Maxim Afinogenov         20     1   2  2  
 4 Nik Antropov             Justin Abdelkader        George Parros            10     1   2  2  

5 vs 5 Defense 
   Defense                  Defense                                           Time % Phy DF OF 
 1 Ryan Mcdonagh            Alexander Edler                                   40     1   2  2  
 2 John Moore               Justin Faulk                                      30     1   3  1  
 3 Nate Schmidt             Denis Grebeshkov                                  20     1   2  2  
 4 Ryan Mcdonagh            Alexander Edler                                   10     1   3  1  

PowerPlay Forward 
   Center                   Left Wing                Right Wing               Time % Phy DF OF 
 1 Mikael Granlund          Alexander Ovechkin       Maxim Afinogenov         60     1   1  3  
 2 Ryan Kesler              Alex Killorn             Niclas Bergfors          40     1   1  3  

PowerPlay Defense
   Defense                  Defense                                           Time % Phy DF OF 
 1 Ryan Mcdonagh            Alexander Edler                                   60     1   1  3  
 2 John Moore               Justin Faulk                                      40     1   1  3  

Penalty Kill 4 Players Forward 
   Center                   Wing                     Time % Phy DF OF 
 1 Alexander Ovechkin       Brendan Gallagher        60     1   2  2  
 2 Andy Miele               Maxim Afinogenov         40     1   2  2  

Penalty Kill 4 Players Defense
   Defense                  Defense                  Time % Phy DF OF 
 1 Ryan Mcdonagh            Alexander Edler          60     1   3  1  
 2 John Moore               Nate Schmidt             40     1   3  1  

Penalty Kill - 3 Players Forward 
   Forward                                           Time % Phy DF OF 
 1 Andy Miele                                        60     1   2  2  
 2 Alexander Ovechkin                                40     1   2  2  

Penalty Kill - 3 Players Defense
   Defense                  Defense                  Time % Phy DF OF 
 1 Ryan Mcdonagh            Alexander Edler          60     1   2  2  
 2 John Moore               Nate Schmidt             40     1   2  2  

4 vs 4 Forward 
   Center                   Wing                     Time % Phy DF OF 
 1 Ryan Kesler              Niclas Bergfors          60     1   2  2  
 2 Mikael Granlund          Alexander Ovechkin       40     1   2  2  

4 vs 4 Defense
   Defense                  Defense                  Time % Phy DF OF 
 1 Ryan Mcdonagh            Alexander Edler          60     1   2  2  
 2 John Moore               Justin Faulk             40     1   2  2  

Last Minutes Offensive
   Center                   Left Wing                Right Wing               Defense                  Defense                  
   Ryan Kesler              Alexander Ovechkin       Niclas Bergfors          Ryan Mcdonagh            Alexander Edler          

Last Minutes Defensive
   Center                   Left Wing                Right Wing               Defense                  Defense                  
   Ryan Kesler              Alexander Ovechkin       Andy Miele               Ryan Mcdonagh            John Moore               

Goaltenders
Starting : Viktor Fasth             
Backup : Anders Lindback          

Extra Forwards
Normal : Maxim Afinogenov, Andy Miele, Justin Abdelkader - PP : Brendan Gallagher, Andy Miele - PK : Justin Abdelkader
Extra Defensemen
Normal : Justin Faulk, Nate Schmidt, John Moore - PP : John Moore - PK : Justin Faulk, Nate Schmidt
Penalty Shots
Ryan Kesler, Niclas Bergfors, Alexander Ovechkin, Mikael Granlund, Maxim Afinogenov

Scratches
Byron Bitz (Healthy), Dmitri Kalinin (Healthy)

Devils

5 vs 5 Forward 
   Center                   Left Wing                Right Wing               Time % Phy DF OF 
 1 Tyler Seguin             Johnny Gaudreau          Viktor Arvidsson         40     0   2  3  
 2 Riley Sheahan            Rostislav Olesz          Marian Hossa             30     1   2  2  
 3 Kevin Porter             Kellan Lain              Jordan Caron             20     1   2  2  
 4 Tyler Bozak              Rostislav Olesz          Anthony Stewart          10     1   2  2  

5 vs 5 Defense 
   Defense                  Defense                                           Time % Phy DF OF 
 1 Travis Hamonic           Brent Seabrook                                    40     1   2  2  
 2 Brady Skjei              Tobias Enstrom                                    30     1   2  2  
 3 Steve Montador           Carl Gunnarsson                                   20     1   2  2  
 4 Travis Hamonic           Tobias Enstrom                                    10     1   2  2  

PowerPlay Forward 
   Center                   Left Wing                Right Wing               Time % Phy DF OF 
 1 Tyler Seguin             Johnny Gaudreau          Viktor Arvidsson         60     1   2  2  
 2 Riley Sheahan            Kellan Lain              Jordan Caron             40     1   2  2  

PowerPlay Defense
   Defense                  Defense                                           Time % Phy DF OF 
 1 Travis Hamonic           Brady Skjei                                       60     1   2  2  
 2 Brent Seabrook           Steve Montador                                    40     1   2  2  

Penalty Kill 4 Players Forward 
   Center                   Wing                     Time % Phy DF OF 
 1 Riley Sheahan            Brenden Morrow           60     1   2  2  
 2 Kevin Porter             Kellan Lain              40     1   2  2  

Penalty Kill 4 Players Defense
   Defense                  Defense                  Time % Phy DF OF 
 1 Steve Montador           Travis Hamonic           60     1   2  2  
 2 Tobias Enstrom           Brent Seabrook           40     1   2  2  

Penalty Kill - 3 Players Forward 
   Forward                                           Time % Phy DF OF 
 1 Brenden Morrow                                    60     1   2  2  
 2 Kevin Porter                                      40     1   2  2  

Penalty Kill - 3 Players Defense
   Defense                  Defense                  Time % Phy DF OF 
 1 Tobias Enstrom           Steve Montador           60     1   2  2  
 2 Carl Gunnarsson          Travis Hamonic           40     1   2  2  

4 vs 4 Forward 
   Center                   Wing                     Time % Phy DF OF 
 1 Tyler Seguin             Brenden Morrow           60     1   2  2  
 2 Riley Sheahan            Viktor Arvidsson         40     1   2  2  

4 vs 4 Defense
   Defense                  Defense                  Time % Phy DF OF 
 1 Travis Hamonic           Steve Montador           60     1   2  2  
 2 Tobias Enstrom           Brady Skjei              40     1   2  2  

Last Minutes Offensive
   Center                   Left Wing                Right Wing               Defense                  Defense                  
   Tyler Seguin             Johnny Gaudreau          Viktor Arvidsson         Travis Hamonic           Brady Skjei              

Last Minutes Defensive
   Center                   Left Wing                Right Wing               Defense                  Defense                  
   Riley Sheahan            Brenden Morrow           Marian Hossa             Travis Hamonic           Steve Montador           

Goaltenders
Starting : Keith Kinkaid            
Backup : Antti Niemi              

Extra Forwards
Normal : Riley Sheahan, Rostislav Olesz, Kevin Porter - PP : Brenden Morrow, Rostislav Olesz - PK : Kevin Porter
Extra Defensemen
Normal : Brady Skjei, Carl Gunnarsson, Brent Seabrook - PP : Brady Skjei - PK : Carl Gunnarsson, Tobias Enstrom
Penalty Shots
Tyler Seguin, Viktor Arvidsson, Johnny Gaudreau, Riley Sheahan, Marian Hossa

Scratches
Brandon Burlon (Sports Hernia Injury)

% Time on Ice - Predators

Lines # - Real PCT - Wanted PCT - Time Play
Normal Forward
1 - 33% - 40% - 15:02
2 - 29% - 30% - 13:19
3 - 20% - 20% - 9:25
4 - 18% - 10% - 8:19
Normal Defense
1 - 37% - 40% - 16:50
2 - 33% - 30% - 15:18
3 - 26% - 20% - 11:56
4 - 4% - 10% - 2:01
PP Forward
1 - 56% - 60% - 4:24
2 - 44% - 40% - 3:30
PP Defense
1 - 64% - 60% - 5:05
2 - 36% - 40% - 2:49
PK Forward
1 - 67% - 60% - 4:02
2 - 33% - 40% - 1:59
PK Defense
1 - 48% - 60% - 2:53
2 - 52% - 40% - 3:08
PK3 Forward
1 - 0% - 60%
2 - 0% - 40%
PK3 Defense
1 - 0% - 60%
2 - 0% - 40%
44 Forward
1 - 0% - 60%
2 - 0% - 40%
44 Defense
1 - 0% - 60%
2 - 0% - 40%
Last Minute Offensive  - 0:00
Last Minute Defensive  - 0:00
Total
Forward - 60:00
Defense - 60:00

% Time on Ice - Devils

Lines # - Real PCT - Wanted PCT - Time Play
Normal Forward
1 - 36% - 40% - 16:30
2 - 27% - 30% - 12:25
3 - 24% - 20% - 11:02
4 - 13% - 10% - 6:08
Normal Defense
1 - 39% - 40% - 18:11
2 - 31% - 30% - 14:11
3 - 26% - 20% - 12:04
4 - 4% - 10% - 1:39
PP Forward
1 - 53% - 60% - 3:13
2 - 47% - 40% - 2:48
PP Defense
1 - 57% - 60% - 3:24
2 - 43% - 40% - 2:37
PK Forward
1 - 82% - 60% - 6:29
2 - 18% - 40% - 1:25
PK Defense
1 - 54% - 60% - 4:17
2 - 46% - 40% - 3:37
PK3 Forward
1 - 0% - 60%
2 - 0% - 40%
PK3 Defense
1 - 0% - 60%
2 - 0% - 40%
44 Forward
1 - 0% - 60%
2 - 0% - 40%
44 Defense
1 - 0% - 60%
2 - 0% - 40%
Last Minute Offensive  - 0:00
Last Minute Defensive  - 0:00
Total
Forward - 60:00
Defense - 60:00

Play-by-Play

1st period


0:01 of 1st period - Mikael Granlund wins face-off versus Tyler Seguin in neutral zone.
0:26 of 1st period - Ryan Kesler is hit by Riley Sheahan.
0:45 of 1st period - Slapshot by Tobias Enstrom.
0:45 of 1st period - Shot Blocked by Justin Faulk.
0:53 of 1st period - Wrist shot by Alexander Steen.
0:53 of 1st period - Stopped by Keith Kinkaid without a rebound.
0:54 of 1st period - Nik Antropov wins face-off versus Tyler Bozak in Devils zone.
0:57 of 1st period - Snap shot by Justin Abdelkader.
0:57 of 1st period - Stopped by Keith Kinkaid with a rebound.
1:07 of 1st period - Slapshot by George Parros.
1:07 of 1st period - Shot Blocked by Steve Montador.
1:09 of 1st period - Slapshot by Denis Grebeshkov.
1:09 of 1st period - Stopped by Keith Kinkaid with a rebound.
1:48 of 1st period - Snap shot by Ryan Kesler.
1:48 of 1st period - Stopped by Keith Kinkaid with a rebound.
1:50 of 1st period - Snap shot by John Moore.
1:50 of 1st period - Deflect By Kellan Lain.
1:50 of 1st period - Stopped by Keith Kinkaid without a rebound.
1:51 of 1st period - Andy Miele wins face-off versus Riley Sheahan in Devils zone.
2:02 of 1st period - Wrist shot by Andy Miele.
2:02 of 1st period - Deflect By Maxim Afinogenov.
2:02 of 1st period - Stopped by Keith Kinkaid without a rebound.
2:03 of 1st period - Tyler Seguin wins face-off versus Mikael Granlund in Devils zone.
2:30 of 1st period - Ryan Mcdonagh is hit by Rostislav Olesz and loses puck.
2:39 of 1st period - Travis Hamonic is hit by Alex Killorn and loses puck.
2:54 of 1st period - Slapshot by Alexander Steen.
2:54 of 1st period - Shot Misses the Net.
2:59 of 1st period - Off-side.
3:00 of 1st period - Tyler Seguin wins face-off versus Mikael Granlund in neutral zone.
3:05 of 1st period - Snap shot by Viktor Arvidsson.
3:05 of 1st period - Shot Blocked by Justin Faulk.
3:24 of 1st period - Viktor Arvidsson is hit by Brendan Gallagher and loses puck.
3:53 of 1st period - Slapshot by Alexander Ovechkin.
3:53 of 1st period - Shot Hit the Post.
4:39 of 1st period - Slapshot by Tyler Seguin.
4:39 of 1st period - Stopped by Viktor Fasth without a rebound.
4:40 of 1st period - Ryan Kesler wins face-off versus Riley Sheahan in Predators zone.
4:45 of 1st period - Snap shot by Niclas Bergfors.
4:45 of 1st period - Stopped by Keith Kinkaid without a rebound.
4:46 of 1st period - Riley Sheahan wins face-off versus Ryan Kesler in Devils zone.
4:57 of 1st period - Snap shot by Niclas Bergfors.
4:57 of 1st period - Goal by Niclas Bergfors - Predators : 1 - Devils : 0.
4:58 of 1st period - Kellan Lain wins face-off versus Andy Miele in neutral zone.
5:14 of 1st period - Kellan Lain is hit by Maxim Afinogenov and loses puck.
5:25 of 1st period - Ryan Mcdonagh is hit by Tobias Enstrom and loses puck.
5:35 of 1st period - Minor Penalty to Niclas Bergfors for Goalie Interference.
5:36 of 1st period - Tyler Seguin wins face-off versus Alexander Ovechkin in Predators zone.
5:42 of 1st period - Snap shot by Tyler Seguin.
5:42 of 1st period - Shot Blocked by Ryan Mcdonagh.
5:44 of 1st period - Slapshot by Travis Hamonic.
5:44 of 1st period - Deflect By Alexander Ovechkin.
5:44 of 1st period - Stopped by Viktor Fasth with a rebound.
6:25 of 1st period - Icing by Brent Seabrook.
6:26 of 1st period - Alexander Ovechkin wins face-off versus Tyler Seguin in Devils zone.
7:35 of 1st period - Penalty to Niclas Bergfors is over, Niclas Bergfors is back on ice.
8:12 of 1st period - Slapshot by Alexander Edler.
8:12 of 1st period - Stopped by Keith Kinkaid without a rebound.
8:13 of 1st period - Nik Antropov wins face-off versus Viktor Arvidsson in Devils zone.
8:26 of 1st period - Snap shot by Justin Abdelkader.
8:26 of 1st period - Stopped by Keith Kinkaid with a rebound.
8:54 of 1st period - Wrist shot by Johnny Gaudreau.
8:54 of 1st period - Shot Misses the Net.
8:56 of 1st period - Wrist shot by Viktor Arvidsson.
8:56 of 1st period - Shot Misses the Net.
8:58 of 1st period - Snap shot by Viktor Arvidsson.
8:58 of 1st period - Shot Misses the Net.
9:00 of 1st period - Slapshot by Brent Seabrook.
9:00 of 1st period - Stopped by Viktor Fasth with a rebound.
9:21 of 1st period - Snap shot by Johnny Gaudreau.
9:21 of 1st period - Shot Misses the Net.
9:47 of 1st period - Wrist shot by Tyler Seguin.
9:47 of 1st period - Shot Misses the Net.
9:57 of 1st period - Wrist shot by Viktor Arvidsson.
9:57 of 1st period - Stopped by Viktor Fasth with a rebound.
9:59 of 1st period - Slapshot by Brent Seabrook.
9:59 of 1st period - Stopped by Viktor Fasth without a rebound.
10:00 of 1st period - Mikael Granlund wins face-off versus Marian Hossa in Predators zone.
10:27 of 1st period - Tobias Enstrom is hit by Maxim Afinogenov and loses puck.
10:33 of 1st period - Icing by Kellan Lain.
10:34 of 1st period - Kevin Porter wins face-off versus Andy Miele in Devils zone.
10:41 of 1st period - Snap shot by Kellan Lain.
10:41 of 1st period - Stopped by Viktor Fasth without a rebound.
10:42 of 1st period - Riley Sheahan wins face-off versus Brendan Gallagher in Predators zone.
10:55 of 1st period - Snap shot by Marian Hossa.
10:55 of 1st period - Stopped by Viktor Fasth with a rebound.
10:57 of 1st period - Wrist shot by Marian Hossa.
10:57 of 1st period - Stopped by Viktor Fasth without a rebound.
10:58 of 1st period - Ryan Kesler wins face-off versus Kevin Porter in Predators zone.
11:34 of 1st period - Off-side.
11:35 of 1st period - Ryan Kesler wins face-off versus Kevin Porter in neutral zone.
11:47 of 1st period - Minor Penalty to Alex Killorn for Holding.
11:48 of 1st period - Tyler Seguin wins face-off versus Alexander Ovechkin in Predators zone.
12:14 of 1st period - Brady Skjei is hit by Brendan Gallagher and loses puck.
13:47 of 1st period - Penalty to Alex Killorn is over, Alex Killorn is back on ice.
14:11 of 1st period - Wrist shot by Rostislav Olesz.
14:11 of 1st period - Stopped by Viktor Fasth without a rebound.
14:12 of 1st period - Andy Miele wins face-off versus Tyler Bozak in Predators zone.
14:23 of 1st period - Wrist shot by Alexander Steen.
14:23 of 1st period - Shot Misses the Net.
14:25 of 1st period - Slapshot by Justin Faulk.
14:25 of 1st period - Stopped by Keith Kinkaid without a rebound.
14:26 of 1st period - Riley Sheahan wins face-off versus Mikael Granlund in Devils zone.
14:39 of 1st period - Snap shot by Mikael Granlund.
14:39 of 1st period - Shot Blocked by Marian Hossa.
14:53 of 1st period - Niclas Bergfors is hit by Tobias Enstrom and loses puck.
14:58 of 1st period - Snap shot by Kevin Porter.
14:58 of 1st period - Shot Misses the Net.
15:00 of 1st period - Slapshot by Jordan Caron.
15:00 of 1st period - Stopped by Viktor Fasth with a rebound.
15:02 of 1st period - Wrist shot by Kevin Porter.
15:02 of 1st period - Shot Blocked by Alexander Edler.
15:04 of 1st period - Slapshot by Travis Hamonic.
15:04 of 1st period - Deflect By Kevin Porter.
15:04 of 1st period - Stopped by Viktor Fasth with a rebound.
15:18 of 1st period - Slapshot by Alexander Edler.
15:18 of 1st period - Deflect By Viktor Arvidsson.
15:18 of 1st period - Stopped by Keith Kinkaid with a rebound.
16:32 of 1st period - Off-side.
16:33 of 1st period - Nik Antropov wins face-off versus Tyler Seguin in neutral zone.
17:08 of 1st period - Snap shot by Alexander Ovechkin.
17:08 of 1st period - Deflect By Riley Sheahan.
17:08 of 1st period - Stopped by Keith Kinkaid without a rebound.
17:09 of 1st period - Maxim Afinogenov wins face-off versus Johnny Gaudreau in Devils zone.
17:28 of 1st period - Icing by Tobias Enstrom.
17:29 of 1st period - Mikael Granlund wins face-off versus Tyler Seguin in Devils zone.
17:42 of 1st period - Wrist shot by Brendan Gallagher.
17:42 of 1st period - Shot Blocked by Tyler Seguin.
17:48 of 1st period - Snap shot by Johnny Gaudreau.
17:48 of 1st period - Stopped by Viktor Fasth without a rebound.
17:49 of 1st period - Rostislav Olesz wins face-off versus Ryan Kesler in Predators zone.
17:56 of 1st period - Snap shot by Ryan Kesler.
17:56 of 1st period - Deflect By Niclas Bergfors.
17:56 of 1st period - Stopped by Keith Kinkaid with a rebound.
18:16 of 1st period - Jordan Caron is hit by Alexander Ovechkin and loses puck.
18:24 of 1st period - Brent Seabrook is hit by Alexander Edler and loses puck.
18:35 of 1st period - Slapshot by Ryan Mcdonagh.
18:35 of 1st period - Deflect By Alexander Steen.
18:35 of 1st period - Goal by Alexander Steen - Predators : 2 - Devils : 0.
18:36 of 1st period - Mikael Granlund wins face-off versus Riley Sheahan in neutral zone.
18:39 of 1st period - Snap shot by Alexander Ovechkin.
18:39 of 1st period - Deflect By Riley Sheahan.
18:39 of 1st period - Shot Blocked by Travis Hamonic.
18:39 of 1st period - Puck is out of play.
18:40 of 1st period - Mikael Granlund wins face-off versus Riley Sheahan in Devils zone.
18:55 of 1st period - Wrist shot by Mikael Granlund.
18:55 of 1st period - Shot Misses the Net.
18:57 of 1st period - Slapshot by John Moore.
18:57 of 1st period - Stopped by Keith Kinkaid with a rebound.
19:08 of 1st period - Icing by John Moore.
19:09 of 1st period - Ryan Kesler wins face-off versus Tyler Seguin in Predators zone.
19:20 of 1st period - Snap shot by Niclas Bergfors.
19:20 of 1st period - Stopped by Keith Kinkaid without a rebound.
19:21 of 1st period - Riley Sheahan wins face-off versus Mikael Granlund in Devils zone.
Goals for this period are 2 for Predators vs 0 for Devils.
Shots for this period are 17 for Predators vs 12 for Devils.

2nd period


0:01 of 2nd period - Riley Sheahan wins face-off versus Mikael Granlund in neutral zone.
0:12 of 2nd period - Wrist shot by Riley Sheahan.
0:12 of 2nd period - Stopped by Viktor Fasth without a rebound.
0:13 of 2nd period - Mikael Granlund wins face-off versus Riley Sheahan in Predators zone.
0:13 of 2nd period - Mikael Granlund is hit by Rostislav Olesz.
0:25 of 2nd period - Wrist shot by Brendan Gallagher.
0:25 of 2nd period - Shot Hit the Post.
0:39 of 2nd period - Travis Hamonic is hit by Ryan Mcdonagh and loses puck.
1:00 of 2nd period - Snap shot by Andy Miele.
1:00 of 2nd period - Stopped by Keith Kinkaid without a rebound.
1:01 of 2nd period - Kevin Porter wins face-off versus Andy Miele in Devils zone.
1:01 of 2nd period - Kevin Porter is hit by Alexander Edler.
1:29 of 2nd period - Snap shot by Ryan Kesler.
1:29 of 2nd period - Stopped by Keith Kinkaid with a rebound.
1:31 of 2nd period - Slapshot by Denis Grebeshkov.
1:31 of 2nd period - Shot Misses the Net.
1:33 of 2nd period - Slapshot by Denis Grebeshkov.
1:33 of 2nd period - Shot Misses the Net.
1:35 of 2nd period - Snap shot by Ryan Kesler.
1:35 of 2nd period - Stopped by Keith Kinkaid with a rebound.
1:37 of 2nd period - Snap shot by Alex Killorn.
1:37 of 2nd period - Shot Misses the Net.
1:39 of 2nd period - Slapshot by Denis Grebeshkov.
1:39 of 2nd period - Stopped by Keith Kinkaid with a rebound.
2:33 of 2nd period - Wrist shot by Travis Hamonic.
2:33 of 2nd period - Shot Misses the Net.
3:42 of 2nd period - Wrist shot by Maxim Afinogenov.
3:42 of 2nd period - Stopped by Keith Kinkaid without a rebound.
3:43 of 2nd period - Maxim Afinogenov wins face-off versus Kevin Porter in Devils zone.
3:44 of 2nd period - Snap shot by Alexander Steen.
3:44 of 2nd period - Shot Misses the Net.
4:04 of 2nd period - Steve Montador is hit by Maxim Afinogenov and loses puck.
4:15 of 2nd period - Andy Miele is hit by Kellan Lain and loses puck.
4:22 of 2nd period - Snap shot by Kevin Porter.
4:22 of 2nd period - Shot Blocked by Denis Grebeshkov.
4:24 of 2nd period - Wrist shot by Kellan Lain.
4:24 of 2nd period - Shot Misses the Net.
4:26 of 2nd period - Snap shot by Jordan Caron.
4:26 of 2nd period - Shot Misses the Net.
4:28 of 2nd period - Wrist shot by Kellan Lain.
4:28 of 2nd period - Stopped by Viktor Fasth with a rebound.
4:30 of 2nd period - Snap shot by Kevin Porter.
4:30 of 2nd period - Stopped by Viktor Fasth with a rebound.
4:32 of 2nd period - Slapshot by Kevin Porter.
4:32 of 2nd period - Shot Misses the Net.
4:34 of 2nd period - Snap shot by Kevin Porter.
4:34 of 2nd period - Stopped by Viktor Fasth without a rebound.
4:35 of 2nd period - Tyler Seguin wins face-off versus Mikael Granlund in Predators zone.
5:03 of 2nd period - Minor Penalty to Ryan Kesler for Goalie Interference.
5:04 of 2nd period - Alexander Ovechkin wins face-off versus Tyler Seguin in Predators zone.
5:07 of 2nd period - Snap shot by Johnny Gaudreau.
5:07 of 2nd period - Goal by Johnny Gaudreau - Predators : 2 - Devils : 1.
5:08 of 2nd period - Mikael Granlund wins face-off versus Rostislav Olesz in neutral zone.
5:17 of 2nd period - Wrist shot by Brendan Gallagher.
5:17 of 2nd period - Deflect By Rostislav Olesz.
5:17 of 2nd period - Stopped by Keith Kinkaid without a rebound.
5:18 of 2nd period - Riley Sheahan wins face-off versus Alexander Ovechkin in Devils zone.
5:23 of 2nd period - Brendan Gallagher is hit by Riley Sheahan and loses puck.
5:46 of 2nd period - Slapshot by Mikael Granlund.
5:46 of 2nd period - Stopped by Keith Kinkaid with a rebound.
5:48 of 2nd period - Snap shot by Mikael Granlund.
5:48 of 2nd period - Goal by Mikael Granlund - Predators : 3 - Devils : 1.
5:49 of 2nd period - Ryan Kesler wins face-off versus Tyler Seguin in neutral zone.
6:16 of 2nd period - Riley Sheahan is hit by Mikael Granlund and loses puck.
6:37 of 2nd period - Snap shot by Justin Abdelkader.
6:37 of 2nd period - Stopped by Keith Kinkaid with a rebound.
7:06 of 2nd period - Jordan Caron is hit by Justin Abdelkader and loses puck.
7:20 of 2nd period - Off-side.
7:21 of 2nd period - Tyler Seguin wins face-off versus Mikael Granlund in neutral zone.
7:24 of 2nd period - Alexander Ovechkin is hit by Viktor Arvidsson and loses puck.
7:35 of 2nd period - Slapshot by Johnny Gaudreau.
7:35 of 2nd period - Stopped by Viktor Fasth with a rebound.
8:14 of 2nd period - Wrist shot by Alexander Steen.
8:14 of 2nd period - Stopped by Keith Kinkaid with a rebound.
8:16 of 2nd period - Snap shot by Andy Miele.
8:16 of 2nd period - Shot Blocked by Johnny Gaudreau.
8:20 of 2nd period - Snap shot by Alexander Steen.
8:20 of 2nd period - Stopped by Keith Kinkaid with a rebound.
8:32 of 2nd period - Wrist shot by Mikael Granlund.
8:32 of 2nd period - Shot Misses the Net.
9:22 of 2nd period - Snap shot by Maxim Afinogenov.
9:22 of 2nd period - Shot Misses the Net.
9:36 of 2nd period - Mikael Granlund is hit by Travis Hamonic and loses puck.
10:29 of 2nd period - Tobias Enstrom is hit by Alexander Ovechkin and loses puck.
10:50 of 2nd period - Steve Montador is hit by Alexander Edler and loses puck.
11:22 of 2nd period - Brady Skjei is hit by Alexander Ovechkin and loses puck.
11:35 of 2nd period - Riley Sheahan is hit by Justin Abdelkader and loses puck.
11:42 of 2nd period - Slapshot by Tobias Enstrom.
11:42 of 2nd period - Deflect By Riley Sheahan.
11:42 of 2nd period - Shot Misses the Net.
11:42 of 2nd period - Puck is out of play.
11:43 of 2nd period - Kevin Porter wins face-off versus Mikael Granlund in Predators zone.
11:48 of 2nd period - Wrist shot by Jordan Caron.
11:48 of 2nd period - Shot Misses the Net.
12:39 of 2nd period - Tobias Enstrom is hit by Justin Faulk and loses puck.
13:41 of 2nd period - Slapshot by Travis Hamonic.
13:41 of 2nd period - Shot Blocked by Alexander Edler.
13:43 of 2nd period - Snap shot by Johnny Gaudreau.
13:43 of 2nd period - Stopped by Viktor Fasth with a rebound.
13:45 of 2nd period - Slapshot by Brent Seabrook.
13:45 of 2nd period - Stopped by Viktor Fasth with a rebound.
13:47 of 2nd period - Snap shot by Johnny Gaudreau.
13:47 of 2nd period - Shot Misses the Net.
14:09 of 2nd period - Maxim Afinogenov is hit by Johnny Gaudreau and loses puck.
15:39 of 2nd period - Riley Sheahan is hit by Alexander Edler and loses puck.
16:02 of 2nd period - Snap shot by Ryan Kesler.
16:02 of 2nd period - Deflect By Jordan Caron.
16:02 of 2nd period - Stopped by Keith Kinkaid with a rebound.
16:04 of 2nd period - Wrist shot by Niclas Bergfors.
16:04 of 2nd period - Stopped by Keith Kinkaid without a rebound.
16:05 of 2nd period - Rostislav Olesz wins face-off versus Niclas Bergfors in Devils zone.
16:24 of 2nd period - Minor Penalty to Ryan Kesler for Interference.
16:25 of 2nd period - Alexander Ovechkin wins face-off versus Tyler Seguin in Predators zone.
16:25 of 2nd period - Alexander Ovechkin is hit by Tyler Seguin.
17:40 of 2nd period - Kellan Lain is hit by Andy Miele and loses puck.
17:51 of 2nd period - Alexander Steen is hit by Brent Seabrook and loses puck.
18:24 of 2nd period - Penalty to Ryan Kesler is over, Ryan Kesler is back on ice.
19:25 of 2nd period - Johnny Gaudreau is hit by Alexander Ovechkin and loses puck.
19:56 of 2nd period - Justin Faulk is hit by Riley Sheahan and loses puck.
Goals for this period are 1 for Predators vs 1 for Devils.
Shots for this period are 13 for Predators vs 8 for Devils.

3rd period


0:01 of 3rd period - Brendan Gallagher wins face-off versus Tyler Seguin in neutral zone.
0:08 of 3rd period - Snap shot by Mikael Granlund.
0:08 of 3rd period - Stopped by Keith Kinkaid without a rebound.
0:09 of 3rd period - Tyler Seguin wins face-off versus Mikael Granlund in Devils zone.
0:24 of 3rd period - Slapshot by Travis Hamonic.
0:24 of 3rd period - Stopped by Viktor Fasth without a rebound.
0:25 of 3rd period - Riley Sheahan wins face-off versus Ryan Kesler in Predators zone.
1:39 of 3rd period - Minor Penalty to Rostislav Olesz for Roughing.
1:40 of 3rd period - Riley Sheahan wins face-off versus Mikael Granlund in Devils zone.
2:13 of 3rd period - Wrist shot by Ryan Mcdonagh.
2:13 of 3rd period - Stopped by Keith Kinkaid with a rebound.
3:21 of 3rd period - John Moore is hit by Kellan Lain and loses puck.
3:28 of 3rd period - Kellan Lain is hit by Alex Killorn and loses puck.
3:39 of 3rd period - Penalty to Rostislav Olesz is over, Rostislav Olesz is back on ice.
3:39 of 3rd period - Ryan Kesler is hit by Tyler Seguin and loses puck.
3:44 of 3rd period - Snap shot by Rostislav Olesz.
3:44 of 3rd period - Shot Blocked by Alexander Edler.
3:50 of 3rd period - Rostislav Olesz is hit by Ryan Kesler and loses puck.
4:01 of 3rd period - Slapshot by Ryan Kesler.
4:01 of 3rd period - Stopped by Keith Kinkaid with a rebound.
4:49 of 3rd period - Niclas Bergfors is hit by Steve Montador and loses puck.
5:06 of 3rd period - Wrist shot by Niclas Bergfors.
5:06 of 3rd period - Stopped by Keith Kinkaid with a rebound.
5:10 of 3rd period - Wrist shot by Niclas Bergfors.
5:10 of 3rd period - Stopped by Keith Kinkaid without a rebound.
5:11 of 3rd period - Kevin Porter wins face-off versus Mikael Granlund in Devils zone.
5:11 of 3rd period - Kevin Porter is hit by Justin Faulk.
5:50 of 3rd period - Snap shot by Justin Abdelkader.
5:50 of 3rd period - Shot Misses the Net.
6:35 of 3rd period - Minor Penalty to Anthony Stewart for Roughing.
6:36 of 3rd period - Mikael Granlund wins face-off versus Riley Sheahan in Devils zone.
6:51 of 3rd period - Off-side.
6:52 of 3rd period - Riley Sheahan wins face-off versus Mikael Granlund in neutral zone.
6:59 of 3rd period - Backhand shot by Brent Seabrook.
6:59 of 3rd period - Stopped by Viktor Fasth with a rebound.
7:30 of 3rd period - Icing by Mikael Granlund.
7:31 of 3rd period - Tyler Seguin wins face-off versus Maxim Afinogenov in Predators zone.
7:32 of 3rd period - Slapshot by Johnny Gaudreau.
7:32 of 3rd period - Shot Blocked by Mikael Granlund.
7:34 of 3rd period - Snap shot by Steve Montador.
7:34 of 3rd period - Stopped by Viktor Fasth without a rebound.
7:35 of 3rd period - Tyler Seguin wins face-off versus Ryan Kesler in Predators zone.
8:35 of 3rd period - Penalty to Anthony Stewart is over, Anthony Stewart is back on ice.
8:50 of 3rd period - Snap shot by George Parros.
8:50 of 3rd period - Shot Misses the Net.
8:52 of 3rd period - Wrist shot by Justin Abdelkader.
8:52 of 3rd period - Goal by Justin Abdelkader - Predators : 4 - Devils : 1.
8:53 of 3rd period - Tyler Seguin wins face-off versus Alexander Ovechkin in neutral zone.
11:43 of 3rd period - Ryan Mcdonagh is hit by Riley Sheahan and loses puck.
11:56 of 3rd period - Snap shot by Justin Abdelkader.
11:56 of 3rd period - Shot Blocked by Brady Skjei.
12:00 of 3rd period - Slapshot by Justin Abdelkader.
12:00 of 3rd period - Shot Misses the Net.
12:02 of 3rd period - Wrist shot by Nik Antropov.
12:02 of 3rd period - Shot Misses the Net.
12:04 of 3rd period - Snap shot by Alexander Edler.
12:04 of 3rd period - Stopped by Keith Kinkaid without a rebound.
12:05 of 3rd period - Tyler Seguin wins face-off versus Mikael Granlund in Devils zone.
12:10 of 3rd period - Slapshot by Brendan Gallagher.
12:10 of 3rd period - Stopped by Keith Kinkaid without a rebound.
12:11 of 3rd period - Mikael Granlund wins face-off versus Tyler Seguin in Devils zone.
12:28 of 3rd period - Snap shot by Mikael Granlund.
12:28 of 3rd period - Shot Blocked by Tobias Enstrom.
13:03 of 3rd period - Wrist shot by Riley Sheahan.
13:03 of 3rd period - Shot Misses the Net.
13:19 of 3rd period - Slapshot by Niclas Bergfors.
13:19 of 3rd period - Stopped by Keith Kinkaid without a rebound.
13:20 of 3rd period - Tyler Seguin wins face-off versus Mikael Granlund in Devils zone.
13:51 of 3rd period - Wrist shot by Kellan Lain.
13:51 of 3rd period - Shot Misses the Net.
14:09 of 3rd period - Justin Abdelkader is hit by Travis Hamonic and loses puck.
15:32 of 3rd period - Rostislav Olesz is hit by Alexander Steen and loses puck.
15:43 of 3rd period - Minor Penalty to Marian Hossa for Unsportsmanlike conduct.
15:44 of 3rd period - Mikael Granlund wins face-off versus Riley Sheahan in Devils zone.
15:55 of 3rd period - Snap shot by Alexander Ovechkin.
15:55 of 3rd period - Shot Blocked by Travis Hamonic.
15:57 of 3rd period - Snap shot by Maxim Afinogenov.
15:57 of 3rd period - Stopped by Keith Kinkaid without a rebound.
15:58 of 3rd period - Mikael Granlund wins face-off versus Riley Sheahan in Devils zone.
16:12 of 3rd period - Snap shot by Ryan Mcdonagh.
16:12 of 3rd period - Shot Blocked by Travis Hamonic.
16:35 of 3rd period - Kevin Porter is hit by Niclas Bergfors and loses puck.
17:43 of 3rd period - Penalty to Marian Hossa is over, Marian Hossa is back on ice.
17:48 of 3rd period - Slapshot by Steve Montador.
17:48 of 3rd period - Stopped by Viktor Fasth without a rebound.
17:49 of 3rd period - Nik Antropov wins face-off versus Tyler Bozak in Predators zone.
17:59 of 3rd period - Off-side.
18:00 of 3rd period - Tyler Seguin wins face-off versus Ryan Kesler in neutral zone.
18:02 of 3rd period - Minor Penalty to Tobias Enstrom for High sticking.
18:03 of 3rd period - Mikael Granlund wins face-off versus Riley Sheahan in Devils zone.
19:36 of 3rd period - Icing by Niclas Bergfors.
19:37 of 3rd period - Johnny Gaudreau wins face-off versus Ryan Kesler in Predators zone.
19:42 of 3rd period - Snap shot by Johnny Gaudreau.
19:42 of 3rd period - Shot Misses the Net.
19:44 of 3rd period - Wrist shot by Tyler Seguin.
19:44 of 3rd period - Stopped by Viktor Fasth with a rebound.
19:51 of 3rd period - Icing by Ryan Kesler.
19:52 of 3rd period - Ryan Kesler wins face-off versus Riley Sheahan in Predators zone.
Goals for this period are 1 for Predators vs 0 for Devils.
Shots for this period are 10 for Predators vs 5 for Devils.